 Dungeon Crawl Stone Soup version 0.31-a0-175-g9f7f995f2b (webtiles) character file.

Game seed: 14375724963547450373

315 qw the Shooter (level 6, -4/38 HPs)
             Began as a Gargoyle Hunter on June 16, 2023.
             Slain by an orc
             ... wielding a +0 mace
              (5 damage)
             ... on level 4 of the Dungeon.
             The game lasted 00:01:24 (3353 turns).

qw the Shooter (Gargoyle Hunter)                    Turns: 3353, Time: 00:01:24

Health: -4/38      AC:  9    Str: 15    XL:     6   Next: 44%
Magic:  0/6        EV: 11    Int:  9    God:
Gold:   163        SH:  0    Dex: 15    Spells: 5/5 levels left

rFire   . . .        Y - +0 shortbow
rCold   . . .        (shield currently unavailable)
rNeg    + . .        i - +0 ring mail
rPois   inf          (no helmet)
rElec   +            (no cloak)
rCorr   .            (no gloves)
SInv    .            (no boots)
Will    .....        c - amulet of guardian spirit
Stlth   +            (no ring)
HPRegen 0.26/turn    (no ring)
MPRegen 0.10/turn

%: guardian spirit
@: about to teleport
A: sickness immunity, AC +4, negative energy resistance 1, electricity
resistance, torment resistance 1, petrification resistance
a: no special abilities


You were on level 4 of the Dungeon.
You visited 2 branches of the dungeon, and saw 5 of its levels.

You collected 319 gold pieces.
You spent 156 gold pieces at shops.


Innate Abilities, Weirdness & Mutations

You are immune to sickness and miasma.
Your stone body is resilient. (AC +4)
You are immune to poison.
You resist negative energy. (rN+)
You are resistant to electric shocks. (rElec)
You are resistant to unholy torment.
You are immune to petrification.


   Skills:
 - Level 4.0 Fighting
 + Level 6.7 Ranged Weapons
 - Level 1.0 Armour
 - Level 1.5 Dodging
 - Level 1.1 Stealth


You had 5 spell levels left.
You didn't know any spells.
Your spell library was empty.

Inventory:

Hand Weapons
 Y - a +0 shortbow (weapon)
Armour
 i - a +0 ring mail (worn)
Jewellery
 c - an amulet of guardian spirit (around neck)
Scrolls
 a - 8 scrolls of identify
 b - a scroll of teleportation
Potions
 d - a potion of lignification {unknown}
 e - a potion of haste {unknown}
 f - 2 potions of curing {unknown}
 g - a potion of might
 h - 2 potions of heal wounds {unknown}

Dungeon Overview and Level Annotations

Branches:
Dungeon (4/15)             Temple (1/1) D:4

Altars:
Ashenzari
Cheibriados
Elyvilon
Gozag
Hepliaklqana
Makhleb
Sif Muna
Vehumet
Wu Jian
Xom
The Shining One

Shops:
D:2 (   D:4 ?==(


Message History

You shoot an arrow. The arrow barely misses the orc wizard.
The orc wizard hits you but does no damage.
The black bear bites you but does no damage.
The black bear claws you but does no damage.
The black bear claws you.
You shoot an arrow. The arrow barely misses the orc wizard.
The arrow barely misses the orc.
The orc wizard gestures at you while chanting.
The puff of flame hits you.
The orc priest calls down the wrath of Beogh upon you.
Beogh smites you! The black bear barely misses you.
The black bear claws you but does no damage.
The black bear claws you.
The orc wizard hits you but does no damage.
The orc closely misses you.
The orc priest hits you with a +0 falchion.
The black bear bites you.
The black bear claws you but does no damage. x2
3350 ||| READING 2 scrolls of teleportation.
As you read the scroll of teleportation, it crumbles to dust.
You feel strangely unstable. The orc priest barely misses you.
The black bear misses you. The black bear claws you.
The black bear claws you but does no damage.
The orc wizard hits you with a +2 dagger of venom.
The orc closely misses you.
You shoot an arrow. The arrow barely misses the orc wizard.
The orc priest barely misses you. The black bear bites you.
The black bear misses you. The black bear barely misses you.
The orc wizard hits you with a +2 dagger of venom.
The orc hits you but does no damage.
You shoot an arrow. The arrow misses the orc wizard.
The orc priest misses you. The black bear bites you.
The black bear barely misses you.
The black bear claws you but does no damage.
The orc wizard misses you. The orc barely misses you.
You shoot an arrow. The arrow hits the orc wizard!
You kill the orc wizard!
The orc hits you with a +0 mace.
You die...

#######...##
#......#..........
#.#.#####.................
#.#...............##.#####
#.%######.........#...#
##.# #..............####
###.#####.....##...........
#..........#####...#.......
#........o.........#.......
#........)@####:...........
#........ho# ######.......
#.........Z# #.......
#..........# ########
#.........)# #...........
......... ......8..


You could see a black bear, an orc priest, an orc and an adder zombie.

Vanquished Creatures
  A water moccasin skeleton (D:4)
  A centaur zombie (D:4)
  A jelly (D:2)
  A sleepcap (D:3)
  An orc wizard (D:4)
  2 hound skeletons (D:4)
  3 gnolls (D:4)
  3 adders
  An ufetubus (D:4)
  2 adder skeletons (D:4)
  A worm (D:3)
  2 dart slugs
  3 orcs
  4 bats
  11 endoplasms
  4 giant cockroaches
  A goblin (D:4)
  8 hobgoblins
  4 jackals (D:4)
  12 kobolds
  5 quokkas
  4 ball pythons
  2 frilled lizards
  A quokka skeleton (D:4)
  4 rats
82 creatures vanquished.

Notes
Turn   | Place    | Note
-------+----------+-------------------------------------------
     0 | D:1      | qw the Gargoyle Hunter began the quest for the Orb.
     0 | D:1      | Reached XP level 1. HP: 12/12 MP: 1/1
     0 | D:1      | 0 ||| qw: Version: 0.2-a-29-g511e9b1
     0 | D:1      | 0 ||| qw: Game counter: 5718
     0 | D:1      | 0 ||| qw: Always use a shield: true
     0 | D:1      | 0 ||| qw: God list: Okawaru
     0 | D:1      | 0 ||| qw: Allow faded altars: false
     0 | D:1      | 0 ||| qw: Do Orc after D:15 true
     0 | D:1      | 0 ||| qw: Do second Lair branch before Depths: true
     0 | D:1      | 0 ||| qw: Lair rune preference: random
     0 | D:1      | 0 ||| qw: Plans: Normal, Zot:1-4, Slime:5, God:TSO, Crypt,
                  | Tomb, Abyss, Pan, Hells, Win
     0 | D:1      | 0 ||| PLANNING D:1-11
   100 | D:1      | Reached XP level 2. HP: 17/17 MP: 2/2
   257 | D:1      | Found a faded altar of an unknown god.
   703 | D:1      | 703 ||| READING scroll labelled GOCARO HADGHA.
   708 | D:1      | 708 ||| DROPPING scroll of butterflies.
   915 | D:2      | Found a shimmering altar of Xom.
   968 | D:2      | Reached XP level 3. HP: 21/21 MP: 3/3
  1032 | D:2      | Reached skill level 5 in Ranged Weapons
  1052 | D:2      | Reached skill level 3 in Fighting
  1053 | D:2      | Reached XP level 4. HP: 14/28 MP: 4/4
  1058 | D:2      | HP: 5/28 [frozen (3)]
  1059 | D:2      | 1059 ||| READING 3 scrolls of teleportation.
  1751 | D:2      | Found Qual's Antique Weapon Shoppe.
  1847 | D:2      | 1847 ||| UPGRADING to +0 ring mail.
  1899 | D:2      | 1899 ||| DROPPING +0 leather armour.
  1902 | D:2      | 1902 ||| READING scroll labelled CEJ QURPHAUNKAE.
  1903 | D:2      | 1903 ||| READING scroll labelled FARUCEIM TYNK.
  1904 | D:2      | 1904 ||| READING scroll labelled GAGOUVVOTEO.
  1962 | D:3      | Reached skill level 1 in Armour
  2456 | D:3      | 2456 ||| UPGRADING to amulet of guardian spirit.
  2461 | D:3      | 2461 ||| READING scroll labelled CAYCWIS FAJE.
  2462 | D:3      | 2462 ||| READING scroll labelled QOBBIM DUDD.
  2475 | D:3      | 2475 ||| DRINKING 2 viscous ruby potions.
  2500 | D:4      | Found Onwaisa's Book Shoppe.
  2500 | D:4      | Found Itud's Jewellery Boutique.
  2510 | D:4      | 2510 ||| STAIRDANCE
  2516 | D:3      | Reached XP level 5. HP: 31/32 MP: 3/5
  2551 | D:4      | Reached skill level 6 in Ranged Weapons
  2589 | D:4      | 2589 ||| SHOPLISTING +5 ring of evasion (504 gold, have
                  | 244).
  2589 | D:4      | 2589 ||| SHOPLISTING amulet of faith (560 gold, have 244).
  2589 | D:4      | 2589 ||| SHOPLISTING ring "Imia" {rPois EV+5} (660 gold,
                  | have 244).
  2589 | D:4      | 2589 ||| SHOPLISTING ring of fire (350 gold, have 244).
  2589 | D:4      | 2589 ||| SHOPLISTING ring of ice (350 gold, have 244).
  2589 | D:4      | 2589 ||| SHOPLISTING ring of protection from fire (350
                  | gold, have 244).
  2693 | D:4      | Found a staircase to the Ecumenical Temple.
  2694 | D:4      | 2694 ||| PLANNING TEMPLE
  2703 | Temple   | Entered the Ecumenical Temple
  2776 | Temple   | 2776 ||| PLANNING D:1-11
  2862 | D:4      | Found Zowu Gap's Magic Scroll Shop.
  2865 | D:4      | 2865 ||| BUYING scroll of identify (26 gold).
  2865 | D:4      | Bought a scroll of identify for 26 gold pieces
  2865 | D:4      | 2865 ||| BUYING scroll of identify (26 gold).
  2865 | D:4      | Bought a scroll of identify for 26 gold pieces
  2865 | D:4      | 2865 ||| BUYING scroll of identify (26 gold).
  2865 | D:4      | Bought a scroll of identify for 26 gold pieces
  2865 | D:4      | 2865 ||| BUYING scroll of identify (26 gold).
  2865 | D:4      | Bought a scroll of identify for 26 gold pieces
  2865 | D:4      | 2865 ||| BUYING scroll of identify (26 gold).
  2865 | D:4      | Bought a scroll of identify for 26 gold pieces
  2865 | D:4      | 2865 ||| BUYING scroll of identify (26 gold).
  2865 | D:4      | Bought a scroll of identify for 26 gold pieces
  2907 | D:4      | Reached XP level 6. HP: 14/38 MP: 2/6
  3032 | D:4      | Found Razaysam's Jewellery Shoppe.
  3043 | D:4      | 3043 ||| SHOPLISTING amulet of Adad {+Inv Regen+ SInv} (578
                  | gold, have 154).
  3043 | D:4      | 3043 ||| SHOPLISTING amulet of Buelod Celoe {Spirit rC+}
                  | (528 gold, have 154).
  3043 | D:4      | 3043 ||| SHOPLISTING amulet of regeneration (360 gold, have
                  | 154).
  3043 | D:4      | 3043 ||| SHOPLISTING ring of fire (300 gold, have 154).
  3043 | D:4      | 3043 ||| SHOPLISTING ring of positive energy (240 gold,
                  | have 154).
  3043 | D:4      | 3043 ||| SHOPLISTING ring of protection from fire (300
                  | gold, have 154).
  3208 | D:4      | Found Nofuosi's Antique Weapon Shop.
  3341 | D:4      | Noticed a black bear
  3349 | D:4      | HP: 9/38 [orc priest/+0 falchion (1)]
  3350 | D:4      | 3350 ||| READING 2 scrolls of teleportation.
  3350 | D:4      | HP: 4/38 [orc wizard/+2 dagger of venom (4)]
  3351 | D:4      | HP: 1/38 [orc wizard/+2 dagger of venom (2)]
  3353 | D:4      | Slain by an orc

Levels and vault maps discovered:
D:1:      psy_arrival_statuary, layout_loops_ring,
          ebering_ecumenical_altar_petrified, st_stairs_1
D:2:      cheibrodos_fertilizer, layout_basic, serial_shops, shop, basic_altar
D:3:      layout_basic, amcnicky_mini_corridor_feature, hex_tiny
D:4:      layout_rooms, minmay_temple_entry_sparse_star, serial_shops, shop,
          kennysheep_little_box, shop, nicolae_stop_n_shop_2, kennysheep_mini,
          serial_undead, serial_undead_c, serial_undead_c, serial_undead_a,
          serial_undead_b, serial_undead_c, serial_undead_c
Temple:   jpeg_temple_clearing

Skill      XL: |  1  2  3  4  5 |
---------------+----------------+-----
Ranged Weapons | 5 6 |  6.7
Fighting       | 3 4 |  4.0
Armour         | 1 |  1.0
Dodging        | |  1.5
Stealth        | |  1.1

Action                     |  1- 3 |  4- 6 || total
---------------------------+-------+-------++-------
   Fire: Shortbow          |    80 |   265 ||   345
    Use: Scroll            |     1 |     7 ||     8
         Potion            |       |     1 ||     1
 Armour: Leather armour    |    26 |    10 ||    36
         Ring mail         |       |   109 ||   109
         Skin              |       |     1 ||     1
  Dodge: Dodged            |    28 |   154 ||   182

Table legend:
 A = Non-vault XP
 B = Vault XP
 C = Vault XP percentage of total XP
 D = Non-vault monster count
 E = Vault monster count
 F = Vault count percentage of total count
                 A         B        C        D         E       F
            +---------+---------+-------+---------+---------+-------
      Total |     258 |     228 |  46.9 |      58 |      24 |  29.3
            +---------+---------+-------+---------+---------+-------
        D:1 |      25 |       3 |  10.7 |      13 |       2 |  13.3
        D:2 |      27 |      64 |  70.3 |      10 |      15 |  60.0
        D:3 |      78 |       0 |   0.0 |      15 |       0 |   0.0
        D:4 |     128 |     161 |  55.7 |      20 |       7 |  25.9
            +---------+---------+-------+---------+---------+-------
